Map: Prion Terraces

Players

Hello - Winner!

  • Race: Zerg Zerg
  • League: Master

ILLBdA

  • Race: Protoss Protoss
  • League: Diamond

VOD

Have the link to the VOD?

Description

Time

  • Played on: Dec. 29, 2015, 1:45 a.m.
  • Length: 9:14
Show
View Real Time Build Order
Export as new Build Order

Hello Zerg - Winner!

Build Orders: 3 Hatch before Pool 

Get SALT Encoding   

  12  0:01  Drone  
  13  0:12  Overlord  
  13  0:17  Drone  
  14  0:30  Drone x2  
  14  0:34  Drone  
  17  0:54  Hatchery  
  17  0:56  Drone  
  17  0:59  Drone  
  17  1:02  Extractor  
  18  1:19  Drone x2  
  20  1:32  Hatchery  
  20  1:58  Spawning Pool  
  19  2:13  Overlord  
  19  2:16  Drone x2  
  21  2:24  Hatchery  
  20  2:31  Extractor  
  19  2:39  Hatchery  
  18  2:44  Zergling x2  
  18  2:45  Zergling x2  
  18  2:47  Zergling x2  
  18  2:49  Zergling x2  
  22  2:58  Queen  
  24  3:22  Zergling x6  
  24  3:23  Zergling x4  
  24  3:25  Zergling x2  
  28  3:37  Zergling x2  
  28  3:38  Queen, Zergling x4  
  31  3:49  Queen  
  32  3:56  Zergling x4  
  32  3:57  Zergling x2  
  34  4:07  Drone x3  
  37  4:19  Overlord  
  37  4:20  Metabolic Boost  
  36  4:30  Queen  
  36  4:38  Drone x2  
  36  4:39  Drone  
  39  4:49  Overlord  
  39  4:56  Spine Crawler  
  37  5:07  Spine Crawler x2  
  34  5:16  Overlord  
  34  5:21  Drone x3  
  37  5:31  Drone x4  
  39  5:50  Roach Warren  
  39  5:56  Spine Crawler  
  37  6:00  Zergling x12  
  41  6:05  Lair  
  41  6:07  Extractor  
  41  6:20  Drone  
  41  6:22  Overlord  
  41  6:28  Queen  
  43  6:37  Zergling x6  
  42  6:40  Drone x7  
  42  6:41  Drone x3  
  47  6:56  Zergling x4  
  47  6:57  Zergling x2  
  49  7:05  Roach x2  
  49  7:06  Roach x2  
  49  7:07  Nydus Network, Roach  
  58  7:09  Roach  
  60  7:20  Drone x3  
  63  7:30  Queen  
  63  7:36  Roach x3  
  71  7:40  Extractor  
  71  7:43  Nydus Canal  
  70  7:45  Drone x2  
  70  7:50  Spore Crawler x2  
  68  7:52  Queen  
  65  7:58  Spore Crawler  
  64  8:05  Spore Crawler  
  64  8:08  Spine Crawler  
  64  8:09  Spine Crawler  
  58  8:15  Spore Crawler x2  
  58  8:17  Overlord x3, Spine Crawler  
  55  8:22  Spore Crawler  
  55  8:24  Spore Crawler  
  51  8:29  Overlord  
  49  8:37  Drone x3  
  51  8:53  Roach  
  55  8:59  Ravager  
  55  9:00  Ravager x2  
Show
View Real Time Build Order
Export as new Build Order

ILLBdA Protoss 

Build Orders:  

Get SALT Encoding   

  12  0:01  Probe (Chrono Boost)  
  13  0:11  Probe (Chrono Boost)  
  14  0:17  Pylon  
  14  0:22  Probe (Chrono Boost)  
  15  0:35  Probe (Chrono Boost)  
  16  0:38  Forge  
  16  0:46  Probe (Chrono Boost)  
  17  0:57  Probe (Chrono Boost)  
  18  1:08  Probe (Chrono Boost)  
  19  1:12  Pylon  
  19  1:25  Pylon  
  19  1:32  Pylon, Photon Cannon  
  19  1:43  Pylon  
  19  1:47  Photon Cannon  
  19  1:48  Pylon  
  19  1:55  Pylon  
  19  2:04  Probe (Chrono Boost)  
  20  2:08  Pylon  
  20  2:14  Probe (Chrono Boost)  
  21  2:17  Gateway  
  21  2:20  Assimilator  
  21  2:25  Assimilator  
  21  2:31  Photon Cannon  
  21  2:32  Pylon  
  21  2:38  Probe (Chrono Boost)  
  22  2:49  Probe (Chrono Boost)  
  23  2:51  Photon Cannon  
  23  2:59  Photon Cannon  
  23  3:00  Pylon  
  23  3:02  Gateway  
  23  3:04  Zealot (Chrono Boost)  
  25  3:19  Photon Cannon  
  25  3:24  Pylon  
  25  3:33  Probe  
  25  3:39  Cybernetics Core, Zealot (Chrono Boost)  
  27  3:45  Probe  
  28  3:50  Zealot (Chrono Boost)  
  29  3:57  Pylon  
  29  3:58  Probe  
  32  4:10  Probe  
  32  4:14  Zealot (Chrono Boost)  
  33  4:18  Adept (Chrono Boost)  
  33  4:22  Mothership Core  
  35  4:26  Warp Gate  
  37  4:41  Adept (Chrono Boost)  
  37  4:43  Adept (Chrono Boost)  
  36  5:01  Photon Cannon  
  36  5:08  Adept x2 (Chrono Boost)  
  36  5:15  Photon Cannon  
  36  5:33  Adept (Chrono Boost)  
  36  5:35  Adept (Chrono Boost)  
  38  5:39  Stargate  
  38  5:43  Pylon  
  38  5:44  Pylon  
  36  5:56  Pylon  
  36  5:57  Adept (Chrono Boost)  
  38  6:02  Adept (Chrono Boost)  
  40  6:06  Pylon  
  40  6:23  Void Ray (Chrono Boost)  
  37  6:34  Adept x2  
  35  6:59  Zealot  
  35  7:00  Zealot  
  39  7:01  Void Ray (Chrono Boost)  
  39  7:21  Zealot  
  41  7:22  Zealot  
  43  7:30  Pylon  
  43  7:39  Void Ray (Chrono Boost)  
  47  7:45  Zealot  
  49  7:58  Zealot  
  30  8:25  Adept x2  
Tags
 
Add a new tag
Caveats
  • Supply blocks, unpowered buildings, or Contaminate may cause inaccurate times.
  • Supply counts are checked every 10 seconds.